 Dungeon Crawl Stone Soup version 0.23.0-3-gf3c87f2 (webtiles) character file.

Game seed: 5439915576155676173

177 Borgoz the Sneak (level 5, -2/41 HPs)
             Began as a Ghoul Assassin on Feb 24, 2019.
             Killed by divine providence
             ... invoked by an orc priest
              (13 damage)
             ... on level 4 of the Dungeon.
             The game lasted 00:05:06 (2494 turns).

Borgoz the Sneak (Ghoul Assassin)                   Turns: 2494, Time: 00:05:07

Health: -2/41      AC:  7    Str: 15    XL:     5   Next: 57%
Magic:  0/4        EV: 10    Int:  7    God:
Gold:   102        SH:  0    Dex: 10    Spells: 4/4 levels left

rFire    + . .     SeeInvis .   a - +1 short sword (speed)
rCold    . . .     Gourm    .   (no shield)
rNeg     + + +     Faith    .   p - +0 scale mail
rPois    ∞         Spirit   +   (no helmet)
rElec    .         Reflect  .   d - +0 cloak
rCorr    .         Harm     .   (no gloves)
MR       .....                  (no boots)
Stlth    +.........             s - amulet of guardian spirit
HPRegen  0.00/turn              o - ring of fire
MPRegen  0.09/turn              (no ring)

@: rotting, hasted, very quick
A: rotting body, claws 1, carnivore, cold resistance 1, negative energy
resistance 3, inhibited regeneration, torment resistance, unbreathing
a: no special abilities


You were on level 4 of the Dungeon.
You were not hungry.

You visited 1 branch of the dungeon, and saw 4 of its levels.

You collected 102 gold pieces.

Inventory:

Hand Weapons
 a - a +1 short sword of speed (weapon)
 b - a +3 blowgun
Missiles
 e - 7 poisoned needles
 f - 2 curare-tipped needles
Armour
 c - a +0 leather armour
 d - a +0 cloak (worn)
 p - a +0 scale mail (worn)
Jewellery
 o - a ring of fire (left claw)
 s - an amulet of guardian spirit (around neck)
Scrolls
 j - a scroll of remove curse {unknown}
 l - 5 scrolls of teleportation
 m - 5 scrolls of identify {unknown}
 v - a scroll of enchant armour {unknown}
 x - 2 scrolls of blinking {unknown}
Potions
 h - 3 potions of haste
 i - a potion of berserk rage {unknown}
 k - a potion of heal wounds {unknown}
 q - 2 potions of curing
 t - a potion of might {unknown}
 u - a potion of cancellation {unknown}
 w - a potion of brilliance {unknown}
Comestibles
 g - 8 rations


   Skills:
 - Level 2.1 Fighting
 + Level 3.7 Short Blades
 - Level 1.7 Throwing
 + Level 3.4 Dodging
 - Level 4.3 Stealth


You had 4 spell levels left.
You didn't know any spells.
Your spell library was empty.

Dungeon Overview and Level Annotations

Branches:
Dungeon (4/15)
 Temple: D:4-7

Altars:
Trog
Vehumet


Innate Abilities, Weirdness & Mutations

Your body is rotting away.
You thrive on raw meat.
You are immune to poison.
You have sharp fingernails.
You are carnivorous and can eat meat at any time.
Your flesh is cold resistant. (rC+)
You are immune to negative energy. (rN+++)
You do not regenerate when monsters are visible.
You are immune to unholy pain and torment.
You can survive without breathing.


Message History

a +0 short sword; a +0 club; a +0 leather armour; a +0 short sword; a +0 whip You hit the worm.
The worm is lightly wounded.
You hit the worm.
The worm is lightly wounded.
The worm bites you!
The orc priest calls down the wrath of Beogh upon you.
Beogh smites you!
You hear a shout!
It was a potion of haste.
You feel yourself speed up.
The orc priest invokes the aid of Beogh against you.
Beogh smites you!
* * * LOW HITPOINT WARNING * * *
Okay, then.
It was a potion of curing.
You feel better. The worm bites you but does no damage.
An orc wizard comes into view. It is wielding a +0 dagger.
The orc priest invokes the aid of Beogh against you.
Beogh smites you!
You die...

#..##############
#....oow....@.#
#...#(.########.#
...#..o#( #.#
.#...#. .# #.#
...#.o. .# #.# .#
..#. .# #.# .#...
.# #.# #.. #. .#
#.# #.#


You could see a worm, an orc priest and an orc wizard.

Vanquished Creatures
  An orc priest (D:3)
  A worker ant (D:2)
  4 adders
  A worm (D:2)
  2 dart slugs
  2 leopard geckos (D:2)
  14 orcs
  A giant cockroach (D:3)
  4 goblins
  7 hobgoblins
  4 jackals (D:2)
  4 kobolds
  2 ball pythons (D:2)
  9 bats
  7 frilled lizards
  7 rats
70 creatures vanquished.

Notes
Turn   | Place    | Note
-------+----------+-------------------------------------------
     0 | D:1      | Borgoz the Ghoul Assassin began the quest for the Orb.
     0 | D:1      | Reached XP level 1. HP: 17/17 MP: 0/0
     8 | D:1      | Reached skill level 1 in Dodging
   162 | D:1      | Reached XP level 2. HP: 21/24 MP: 1/1
   943 | D:2      | Reached XP level 3. HP: 26/29 MP: 0/2
  1250 | D:2      | Reached XP level 4. HP: 36/36 MP: 3/3
  1270 | D:2      | Found a bloodstained altar of Trog.
  1281 | D:2      | Found a radiant altar of Vehumet.
  1643 | D:3      | Reached XP level 5. HP: 37/41 MP: 2/4
  2487 | D:4      | HP: 2/40 [orc priest/divine providence (12)]
  2494 | D:4      | Killed from afar by an orc priest

Skill      XL: |  1  2  3  4 |
---------------+-------------+-----
Dodging        | 1 2 3 |  3.4
Short Blades   | 2 3 |  3.7
Fighting       | |  2.1
Throwing       | |  1.7
Stealth        | |  4.3

Action                   |  1- 3 |  4- 6 || total
-------------------------+-------+-------++-------
Melee: Dagger            |   145 |   116 ||   261
       Short sword       |       |    28 ||    28
 Fire: Blowgun           |       |     1 ||     1
  Use: Scroll            |       |     4 ||     4
       Potion            |       |     2 ||     2
 Stab: Sleeping          |     7 |     1 ||     8
  Eat: Chunk             |     9 |    11 ||    20
Armor: Robe              |     6 |       ||     6
       Scale mail        |    43 |    69 ||   112
Dodge: Dodged            |    52 |    72 ||   124
